 Dungeon Crawl Stone Soup version 0.30-a0-364-gf6b3ef1049 (webtiles) character file.

Game seed: 3733267527073245595

18 Manisian the Ducker (level 2, 0/23 HPs)
             Began as a Merfolk Gladiator on Nov 15, 2022.
             Succumbed to Sigmund's poison
             ... on level 2 of the Dungeon.
             The game lasted 00:02:38 (767 turns).

Manisian the Ducker (Merfolk Gladiator)              Turns: 767, Time: 00:02:38

Health: 0/23       AC:  4    Str: 14    XL:     2   Next: 70%
Magic:  2/2        EV: 13    Int:  7    God:
Gold:   72         SH:  0    Dex: 15    Spells: 1/1 levels left

rFire   + . .      SeeInvis .    a - +0 trident (vorpal)
rCold   . . .      Faith    .    (no shield)
rNeg    . . .      Spirit   .    b - +0 leather armour
rPois   .          Reflect  .    c - +0 helmet
rElec   .          Harm     .    (no cloak)
rCorr   .          Rampage  .    (no gloves)
Will    .....                    (no boots)
Stlth   +.........               (no amulet)
HPRegen 0.23/turn                k - ring of protection from fire
MPRegen 0.08/turn                (no ring)

@: lethally poisoned (0 -> -5)
A: (nimble swimmer 2), mertail
a: no special abilities


You were on level 2 of the Dungeon.
You visited 1 branch of the dungeon, and saw 2 of its levels.

You collected 72 gold pieces.

Inventory:

Hand Weapons
 a - a +0 vorpal trident (weapon)
Missiles
 d - 3 throwing nets
 e - a javelin
 f - 6 poisoned darts
 g - 20 stones (quivered)
Armour
 b - a +0 leather armour (worn)
 c - a +0 helmet (worn)
Jewellery
 k - a ring of protection from fire (left hand)
Potions
 j - a potion of curing
 l - a potion of flight {unknown}


   Skills:
 + Level 2.3 Fighting
 + Level 4.5 Polearms
 + Level 2.0 Throwing
 + Level 4.6 Dodging


You had one spell level left.
You didn't know any spells.
Your spell library was empty.

Dungeon Overview and Level Annotations

Branches:
Dungeon (2/15)

Altars:

Shops:
D:1 *!

Annotations:
D:2 Jessica, Sigmund


Innate Abilities, Weirdness & Mutations

((You are very nimble when in or above water. (Stealth+, EV+, Speed+++)))
Your lower body shifts to a powerful aquatic tail in water.


Message History

You hit Jessica but do no damage.
Jessica casts a spell.
Jessica seems to speed up.
Sigmund mumbles some strange words.
Sigmund flickers and vanishes!
Deactivating autopickup; reactivate with Ctrl-A.
You hit Jessica.
Jessica is moderately wounded.
Jessica hits you with a +0 club! Something hits you!
* * * LOW HITPOINT WARNING * * *
You are lethally poisoned!
Unknown command.
You feel better.
Jessica mumbles some strange words.
Jessica blinks!
Jessica casts a spell at you. Pain shoots through your body!
Ouch! That really hurt!
* * * LOW HITPOINT WARNING * * *
You feel better. Something hits you.
* * * LOW HITPOINT WARNING * * *
You are lethally poisoned!
Unknown command.
* * * LOW HITPOINT WARNING * * *
You feel very sick.
Jessica looks very angry.
Jessica zaps a wand.
The puff of flame misses you.
Jessica casts a spell.
Jessica blinks!
You hear some strange, mumbled words.
A puff of flame appears from out of thin air!
The puff of flame hits you. You resist.
* * * LOW HITPOINT WARNING * * *
You hit something.
* * * LOW HITPOINT WARNING * * *
You feel sick.
Jessica zaps a wand.
The puff of flame misses you.
The puff of flame hits something.
Something barely misses you.
Unknown command.
You closely miss something.
You die...

...@......(...... ..#
..#.......## .. ..###
........### #. #...###
.........# #.###.....##.
)........# #..#.........
..#......##### #...........
..#...##⌠.⌠..####...........
..###.##.......##...........
..# #..#⌠._..#.{@....@......
..# ##.......#..##..........
### ###⌠...⌠..###..[.......
######### ##.........
##.....##. #######


You could see Jessica (fast).

Vanquished Creatures
  3 ball pythons (D:1)
  A giant cockroach (D:1)
  3 goblins (D:1)
  2 hobgoblins
  3 kobolds
  3 bats
  A frilled lizard (D:1)
  2 rats (D:1)
18 creatures vanquished.

Notes
Turn   | Place    | Note
-------+----------+-------------------------------------------
     0 | D:1      | Manisian the Merfolk Gladiator began the quest for the Orb.
     0 | D:1      | Reached XP level 1. HP: 16/16 MP: 1/1
   113 | D:1      | Found Efunar's Assorted Antiques.
   199 | D:1      | Found Mikhogge's Weapon Shoppe.
   215 | D:1      | Reached XP level 2. HP: 20/22 MP: 2/2
   226 | D:1      | Found Mul Igim's Distillery.
   729 | D:2      | Found a faded altar of an unknown god.
   732 | D:2      | Noticed Jessica
   734 | D:2      | Noticed Sigmund
   766 | D:2      | HP: 1/23 [poisoned by Sigmund]
   767 | D:2      | Succumbed to Sigmund's poison

Illustrated notes

Levels and vault maps discovered:
D:1:      lightli_arrival_statuegarden, layout_basic, serial_shops,
          nicolae_shop_advertising_works [nicolae_subvault_shop_adworks], shop,
          shop_fountains
D:2:      layout_rooms, hellmonk_ecumenical_altar_run_dry, uniq_jessica,
          uniq_sigmund

Action                   || total
-------------------------++-------
Melee: Trident           ||    59
Throw: Stone             ||     3
  Use: Scroll            ||     4
       Potion            ||     2
Armor: Leather armour    ||     9
Dodge: Dodged            ||    38

Table legend: (Time is in decaauts)
 A = Elapsed time spent in this place.
 B = Non-inter-level travel time spent in this place.
 C = Inter-level travel time spent in this place.
 D = Time resting spent in this place.
 E = Time spent auto-exploring this place.
 F = Levels seen in this place.
 G = Mean time per level.
                   A        B        C        D        E       F      G
               +--------+--------+--------+--------+--------+-----+--------+
         Total |    770 |    763 |      7 |      0 |    472 |   2 |  385.0 |
       Dungeon |    770 |    763 |      7 |      0 |    472 |   2 |  385.0 |
               +--------+--------+--------+--------+--------+-----+--------+

Top non-repeatable levels by time:
     D:1: 713 daAuts
     D:2: 57 daAuts
